 Dungeon Crawl Stone Soup version 0.22.0-13-g43fe8f24b8 (webtiles) character file.

1178 Htamos the Chucker (level 8, -9/78 HPs)
             Began as a Troll Hunter on Aug 16, 2018.
             Was a Follower of Cheibriados.
             Mangled by an ogre
             ... wielding a +0 giant club
              (25 damage)
             ... on level 5 of the Dungeon.
             The game lasted 00:06:37 (3381 turns).

Htamos the Chucker (Troll Hunter)                   Turns: 3381, Time: 00:06:37

Health: -9/78      AC:  6    Str: 25    XL:     8   Next: 18%
Magic:  7/7        EV: 11    Int:  9    God:    Cheibriados [*.....]
Gold:   215        SH:  0    Dex: 12    Spells: 7/7 levels left

rFire    . . .     SeeInvis .     - Unarmed
rCold    . . .     Gourm    +   (no shield)
rNeg     . . .     Faith    .   b - +0 robe
rPois    .         Spirit   .   e - +0 hat
rElec    .         Reflect  .   j - +0 cloak
rCorr    .         Harm     .   (gloves unavailable)
MR       .....                  (boots unavailable)
Stlth    +.........             (no amulet)
HPRegen  0.63/turn              (no ring)
MPRegen  0.10/turn              (no ring)

@: lethally poisoned (-9 -> -10), very slow
A: large, unfitting armour, claws 3, fast metabolism 3, gourmand, regeneration
1, shaggy fur 1, tough skin 2
a: Bend Time, Renounce Religion


You were on level 5 of the Dungeon.
You worshipped Cheibriados.
Cheibriados was aware of your devotion.
You were not hungry.

You visited 2 branches of the dungeon, and saw 6 of its levels.

You collected 215 gold pieces.

Inventory:

Missiles
 c - 5 large rocks
 d - 2 throwing nets
 k - 91 stones (quivered)
 p - 25 sling bullets
 y - 6 needles of confusion
 C - 6 tomahawks
 D - 4 javelins
 E - 5 poisoned needles
Armour
 b - a +0 robe (worn)
 e - a +0 hat (worn)
 j - a +0 cloak (worn)
Jewellery
 h - an uncursed amulet of rage {unknown}
 r - an uncursed ring of stealth {unknown}
 s - a +4 ring of intelligence {unknown}
Wands
 u - a wand of iceblast (3)
Scrolls
 a - 5 scrolls of remove curse {unknown}
 l - 4 scrolls of teleportation {unknown}
 m - 3 scrolls of magic mapping {unknown}
 n - 3 scrolls of amnesia {unknown}
 o - a scroll of noise {unknown}
 q - 2 scrolls of identify {unknown}
 w - a scroll of enchant armour {unknown}
 x - 3 scrolls of fog {unknown}
Potions
 t - a potion of berserk rage {unknown}
 v - a potion of haste {unknown}
 z - a potion of mutation {unknown}
 A - 2 potions of lignification {unknown}
 B - a potion of curing {unknown}
Comestibles
 f - 5 rations


   Skills:
 + Level 3.9 Fighting
 * Level 6.7 Throwing
 + Level 3.9 Dodging
 - Level 0.3 Stealth
 + Level 4.1 Unarmed Combat


You had 7 spell levels left.
You didn't know any spells.
Your spell library was empty.

Dungeon Overview and Level Annotations

Branches:
Dungeon (5/15)             Temple (1/1) D:4

Altars:
Ashenzari
Cheibriados
Dithmenos
Fedhas
Gozag
Kikubaaqudgha
Makhleb
Nemelex Xobeh
Okawaru
Qazlal
Ru
Trog
Vehumet
Wu Jian
Zin
The Shining One

Annotations:
D:4 exclusion: 2 downstairs
D:5 Dowan, Duvessa


Innate Abilities, Weirdness & Mutations

You are too large for most types of armour.
You have claws for hands.
Your metabolism is lightning-fast.
You like to eat raw meat.
Your natural rate of healing is unusually fast.
You are covered in fur. (AC +1)
You have very tough skin. (AC +2)


Message History

Unknown command.
You feel sick.
Things that are here:
a short sword; an orc corpse You feel sick.
You feel sick.
You feel sick.
You feel sick.
The ogre shouts!
You feel sick.
You feel sick.
You barely miss the ogre. The ogre hits you with a giant club!
* * * LOW HITPOINT WARNING * * *
You claw the ogre!
The ogre is moderately wounded.
You feel sick. The ogre closely misses you.
You claw the ogre!
The ogre is severely wounded.
The ogre hits you with a giant club!!
You die...

#.....# #.)>######. .
#.))....... ..
#..))###..O.. ... #....#
... ..#
....###.$.###.##.# ...
......#.......##.####.##
........O#######........
.....##@...#####.......#
...?.##......#.(.....#
.........#...........# #
###....#.#...###.....#..
#..........###.(......
###.#..#....#...(...##
#................###
#..#...##..#......# # ##
#.#.###.#..##### #


You could see an ogre.

Vanquished Creatures
  Grinder (D:3)
  An ogre (D:4)
  A big kobold (D:2)
  A gnoll sergeant (D:5)
  A scorpion (D:5)
  A howler monkey (D:5)
  A crimson imp (D:5)
  A hound (D:4)
  A centaur skeleton (D:4)
  A jelly (D:5)
  5 orc priests
  2 orc wizards
  4 worker ants
  Natasha (thrice) (D:2)
  A hound skeleton (D:4)
  A worker ant zombie (D:5)
  3 gnolls (D:5)
  5 adders
  An ooze (D:1)
  3 worms
  A leopard gecko (D:5)
  14 orcs
  2 bats
  9 giant cockroaches
  9 hobgoblins
  7 jackals
  2 kobolds
  2 quokkas
  A ball python (D:3)
  8 frilled lizards
  6 goblins
  A jackal skeleton (D:5)
  8 rats
108 creatures vanquished.

Notes
Turn   | Place    | Note
-------+----------+-------------------------------------------
     0 | D:1      | Htamos the Troll Hunter began the quest for the Orb.
     0 | D:1      | Reached XP level 1. HP: 19/19 MP: 0/0
   201 | D:1      | Reached XP level 2. HP: 23/28 MP: 1/1
   575 | D:2      | Reached skill level 4 in Throwing
   575 | D:2      | Reached skill level 1 in Unarmed Combat
   575 | D:2      | Reached XP level 3. HP: 11/35 MP: 2/2
   679 | D:2      | Noticed Natasha
   698 | D:2      | Killed Natasha
   698 | D:2      | Reached XP level 4. HP: 31/42 MP: 3/3
   766 | D:2      | Noticed a big kobold
   812 | D:2      | Killed a big kobold
   812 | D:2      | Reached XP level 5. HP: 50/50 MP: 4/4
   833 | D:2      | Found a faded altar of an unknown god.
  1013 | D:2      | Noticed Natasha
  1017 | D:2      | Killed Natasha
  1185 | D:2      | Noticed Natasha
  1197 | D:2      | Killed Natasha
  1362 | D:2      | Reached skill level 5 in Throwing
  1529 | D:3      | Found a stormy altar of Qazlal.
  1589 | D:3      | Found an opulent altar of Gozag.
  1663 | D:3      | Noticed Grinder
  1673 | D:3      | HP: 2/50 [Grinder/nerve-wracking pain (12)]
  1676 | D:3      | Killed Grinder
  1676 | D:3      | Reached XP level 6. HP: 5/61 MP: 5/5
  1885 | D:3      | Found a glowing golden altar of the Shining One.
  2015 | D:4      | Found an ancient bone altar of Kikubaaqudgha.
  2133 | D:4      | Reached XP level 7. HP: 64/67 MP: 6/6
  2597 | D:4      | Reached skill level 6 in Throwing
  2674 | D:4      | Found a staircase to the Ecumenical Temple.
  2772 | Temple   | Entered the Ecumenical Temple
  2803 | Temple   | Became a worshipper of Cheibriados the Contemplative
  2874 | D:4      | Found a shadowy altar of Dithmenos.
  3016 | D:5      | Entered Level 5 of the Dungeon
  3163 | D:5      | Noticed Dowan
  3165 | D:5      | Noticed Duvessa
  3269 | D:5      | Reached XP level 8. HP: 70/78 MP: 7/7
  3330 | D:5      | Reached * piety under Cheibriados
  3342 | D:5      | HP: 1/78 [gnoll sergeant/trident of venom (4)]
  3381 | D:5      | Mangled by an ogre

Skill      XL: |  1  2  3  4  5  6  7  8 |
---------------+-------------------------+-----
Fighting       | 2 3 |  3.9
Throwing       | 4 5 6 |  6.7
Dodging        | 2 3 |  3.9
Unarmed Combat | 1 2 3 4 |  4.1
Stealth        | |  0.3

Action                   |  1- 3 |  4- 6 |  7- 9 || total
-------------------------+-------+-------+-------++-------
Melee: Unarmed           |    79 |   150 |   146 ||   375
       Short sword       |    12 |       |       ||    12
       Punch             |       |     2 |     2 ||     4
Throw: Large rock        |       |     2 |       ||     2
       Stone             |       |       |     7 ||     7
Evoke: Wand              |       |     3 |       ||     3
  Use: Potion            |       |       |     4 ||     4
 Stab: Sleeping          |     1 |     2 |       ||     3
  Eat: Chunk             |    12 |    13 |     7 ||    32
Armor: Robe              |    36 |    70 |    55 ||   161
Dodge: Dodged            |    49 |    92 |    94 ||   235
